 Dungeon Crawl Stone Soup version 0.19.4-8-ga85b6b9 (webtiles) character file.

4748 vatarom the Protected (level 10, -2/84 HPs)
             Began as a Troll Chaos Knight on Feb 13, 2017.
             Slain by an orc warrior
             ... wielding a +0 glaive
              (10 damage)
             ... on level 10 of the Dungeon.
             The game lasted 00:15:33 (7395 turns).

vatarom the Protected (Troll Chaos Knight)          Turns: 7395, Time: 00:15:35

Health: -2/84      AC: 13    Str: 22    XL:     10   Next: 23%
Magic:  9/9        EV: 13    Int:  8    God:    Xom [.*....]
Gold:   525        SH:  0    Dex: 12    Spells: 0 memorised, 9 levels left

rFire  . . .     SeeInvis .       - Unarmed
rCold  + . .     Gourm    +     m - +1 troll leather armour {Purgy}
rNeg   . . .     Faith    .     (no shield)
rPois  .         Spirit   .     (helmet restricted)
rElec  .         Reflect  .     d - +2 cloak
rCorr  .         Harm     +     (gloves unavailable)
MR     +....                    (boots unavailable)
Stlth  +.........               r - amulet of harm
                                (no ring)
                                g - ring of protection from magic

@: no status effects
A: unfitting armour, claws 3, repulsion field 1, cold resistance 1, fast
metabolism 3, frail 1, gourmand, regeneration 1, shaggy fur 1, tough skin 2,
MP-powered wands
a: Renounce Religion


You were on level 10 of the Dungeon.
You worshipped Xom.
You were a plaything of Xom.
You were full.

You visited 3 branches of the dungeon, and saw 12 of its levels.

You collected 525 gold pieces.

Inventory:

Missiles
 v - 4 large rocks (quivered)
Armour
 d - a +2 cloak (worn)
 m - a +1 troll leather armour (worn) {Purgy}
Jewellery
 g - a ring of protection from magic (left claw)
 o - an uncursed amulet of regeneration
 r - an amulet of harm (around neck)
Wands
 k - a wand of disintegration (10/24)
 n - a wand of iceblast (7/15)
 p - a wand of teleportation (3/9)
 q - a wand of confusion (22/48)
 t - a wand of iceblast (4/15)
 w - a wand of enslavement (22/24)
 x - a wand of digging (7/24)
 C - a wand of polymorph (7/24)
Scrolls
 e - 9 scrolls of identify
 f - 2 scrolls of recharging
 i - a scroll of remove curse
 j - 3 scrolls of teleportation
 y - a scroll of fog
 z - 2 scrolls of amnesia
Potions
 s - a potion of flight
Comestibles
 a - 5 meat rations
 b - 7 bread rations
 c - 2 slices of pizza
 l - 3 beef jerkies
 B - 13 fruits


   Skills:
 - Level 4.7 Fighting
 - Level 9.3 Armour
 * Level 5.0 Dodging
 - Level 7.5 Unarmed Combat


You had 9 spell levels left.
You didn't know any spells.

Dungeon Overview and Level Annotations

Branches:
Dungeon (10/15)            Temple (1/1) D:5            Lair (1/6) D:8
    Orc: D:9-12

Altars:
Ashenzari
Cheibriados
Fedhas
Gozag
Kikubaaqudgha
Makhleb
Qazlal
Sif Muna
Trog
Uskayaw
Vehumet
Xom
Zin
The Shining One

Annotations:
D:8 Grum


Innate Abilities, Weirdness & Mutations

You are too large for most types of armour.
You have claws for hands.
Your metabolism is lightning-fast.
You like to eat raw meat.
Your natural rate of healing is unusually fast.
You are covered in fur. (AC +1)
You have very tough skin. (AC +2)
You are surrounded by a mild repulsion field. (EV +2)
Your flesh is cold resistant. (rC+)
You are frail. (-10% HP)
You expend magic power (3 MP) to strengthen your wands.


Message History

The hound skeleton closely misses you. The hound skeleton bites you.
The orc warrior misses you.
The hound skeleton bites you but does no damage.
The orc warrior hits you from afar with a glaive!
* * * LOW HITPOINT WARNING * * *
The hound skeleton completely misses you.
The hound skeleton bites you but does no damage.
The orc warrior barely misses you. The hound skeleton barely misses you.
The hound skeleton barely misses you.
The orc warrior hits you from afar with a glaive!
* * * LOW HITPOINT WARNING * * *
Xom is amused.
The hound skeleton bites you but does no damage.
The orc warrior hits you from afar with a glaive.
* * * LOW HITPOINT WARNING * * *
The hound skeleton misses you. The hound skeleton misses you.
The orc warrior hits you from afar with a glaive!
You die...

#### #
#.. #.#
#
######.#
#
#_)...<#
#
#.######
# #@# #
#Z####
#Joo.#
####o#
#.#
#{####.#
..
#Jo....#
..
#{.#####
.# #o.#
.## #(.#


You could see an orc warrior, a jelly and a hound skeleton.

Vanquished Creatures
  Sigmund (D:6)
  Eustachio (D:4)
  3 steam dragons
  A hungry ghost (D:7)
  2 hell hounds (D:8)
  2 orc warriors
  3 ice beasts
  Purgy (D:3)
  4 ogres
  A phantom (D:8)
  A sky beast (D:10)
  3 centaurs
  A gnoll sergeant (D:7)
  5 bullfrogs
  A scorpion (D:8)
  10 killer bees
  2 howler monkeys (D:9)
  5 crimson imps
  A centaur zombie (D:5)
  9 orc wizards
  An orc priest (D:9)
  5 hounds
  A jelly (D:8)
  2 centaur skeletons
  Crazy Yiuf (D:4)
  Jessica (D:2)
  3 worker ants
  Terence (D:2)
  Robin (D:2)
  2 howler monkey skeletons
  15 adders
  3 gnolls (D:7)
  6 shadow imps
  An ooze (D:5)
  An adder skeleton (D:4)
  A worm (D:2)
  4 dart slugs
  A leopard gecko (D:5)
  18 orcs
  A ball python (D:6)
  3 bats
  7 giant cockroaches
  15 goblins
  13 hobgoblins
  13 jackals
  5 quokkas
  9 frilled lizards
  6 kobolds
  A leopard gecko skeleton (D:4)
  11 rats
  A bush (D:7)
210 creatures vanquished.

Vanquished Creatures (collateral kills)
  The ghost of Zorot the Skirmisher, an amateur FoFi (D:4)
1 creature vanquished.

Vanquished Creatures (others)
  An orc (D:10)
  4 plants (D:10)
5 creatures vanquished.

Grand Total: 216 creatures vanquished

Notes
Turn   | Place    | Note
-------+----------+-------------------------------------------
     0 | D:1      | vatarom the Troll Chaos Knight began the quest for the Orb.
     0 | D:1      | Reached XP level 1. HP: 22/22 MP: 0/0
   113 | D:1      | Reached XP level 2. HP: 29/29 MP: 1/1
   127 | D:1      | Gained mutation: You are surrounded by a mild repulsion field. (EV +2) [potion of mutation]
   127 | D:1      | Gained mutation: Your body sometimes deteriorates upon taking damage. [potion of mutation]
   127 | D:1      | Gained mutation: You evolve. [potion of mutation]
   127 | D:1      | XOM: silly message
   142 | D:1      | XOM: divination: detect items
   143 | D:1      | XOM: harmless Ice miscast
   164 | D:1      | XOM: harmless Tmut miscast
   352 | D:1      | XOM: mild Fire miscast
   489 | D:1      | XOM: confuse monster(s)
   542 | D:1      | Reached XP level 3. HP: 36/36 MP: 2/2
   675 | D:1      | XOM: cloud trail
   702 | D:1      | Paralysed by you for 4 turns
   973 | D:1      | XOM: noise
  1009 | D:2      | Noticed Robin
  1068 | D:1      | Lost mutation: Your body sometimes deteriorates upon taking damage. [evolution]
  1114 | D:2      | Killed Robin
  1117 | D:2      | Noticed Jessica
  1123 | D:2      | Found a faded altar of an unknown god.
  1133 | D:2      | Killed Jessica
  1133 | D:2      | Reached skill level 5 in Unarmed Combat
  1133 | D:2      | Reached XP level 4. HP: 44/44 MP: 3/3
  1173 | D:2      | XOM: cloud trail
  1238 | D:2      | XOM: mild Tloc miscast
  1399 | D:2      | Noticed Terence
  1404 | D:2      | Killed Terence
  1404 | D:2      | Reached XP level 5. HP: 50/50 MP: 4/4
  1595 | D:3      | Found a deep blue altar of Sif Muna.
  1771 | D:3      | Lost mutation: You evolve. [end of evolution]
  1869 | D:3      | Noticed an ogre
  1872 | D:3      | XOM: noise
  1877 | D:3      | Killed an ogre
  1877 | D:3      | Reached XP level 6. HP: 48/59 MP: 5/5
  2043 | D:3      | Noticed Purgy
  2051 | D:3      | Killed Purgy
  2326 | D:4      | XOM: noise
  2329 | D:4      | Noticed Sigmund
  2335 | D:4      | Noticed Zorot's ghost (amateur FoFi)
  2338 | D:4      | Reached skill level 1 in Armour
  2340 | D:3      | XOM: divination: detect items
  2391 | D:4      | Found a glowing golden altar of the Shining One.
  2407 | D:4      | Reached XP level 7. HP: 64/66 MP: 6/6
  2440 | D:4      | Reached skill level 2 in Armour
  2500 | D:4      | Found a shattered altar of Ashenzari.
  2502 | D:4      | Found a shimmering altar of Xom.
  2517 | D:4      | Noticed Edmund
  2521 | D:4      | Noticed Edmund
  2521 | D:4      | Edmund changed into Edmund the centaur
  2521 | D:4      | XOM: polymorph Edmund -> Edmund the centaur
  2527 | D:4      | Killed Edmund the centaur
  2577 | D:4      | XOM: summons 5 friendly demons
  2581 | D:4      | Killed Zorot's ghost
  2581 | D:4      | Reached skill level 3 in Armour
  2589 | D:4      | XOM: noise
  2795 | D:4      | Noticed Eustachio
  2801 | D:4      | XOM: confuse monster(s)
  2810 | D:4      | XOM: enchant monster (bad)
  2817 | D:4      | XOM: cleaving
  2827 | D:4      | Killed Eustachio
  2827 | D:4      | Reached skill level 4 in Armour
  2947 | D:4      | Found a runed door.
  3161 | D:4      | Noticed Crazy Yiuf
  3164 | D:4      | Killed Crazy Yiuf
  3306 | D:4      | Reached skill level 5 in Armour
  3306 | D:4      | Reached XP level 8. HP: 74/74 MP: 7/7
  3350 | D:5      | Entered Level 5 of the Dungeon
  3588 | D:5      | Found a staircase to the Ecumenical Temple.
  3603 | Temple   | Entered the Ecumenical Temple
  4237 | D:6      | XOM: potion effect (invisibility)
  4248 | D:6      | Reached skill level 6 in Armour
  4381 | D:6      | XOM: divination: detect items
  4398 | D:6      | Killed Sigmund
  4398 | D:6      | Reached skill level 7 in Armour
  4509 | D:6      | XOM: harmless Fire miscast
  4660 | D:6      | XOM: scenery: 2 doors close
  4719 | D:7      | Found an ancient bone altar of Kikubaaqudgha.
  4772 | D:7      | XOM: cast spell 'Confusing Touch'
  4773 | D:7      | XOM: divination: detect items
  4839 | D:7      | Reached XP level 9. HP: 80/80 MP: 8/8
  4882 | D:7      | Found a blossoming altar of Fedhas.
  4901 | D:7      | XOM: silly message
  4902 | D:7      | XOM: noise
  4908 | D:7      | Reached skill level 8 in Armour
  5278 | D:7      | XOM: divination: magic mapping
  5537 | D:8      | Found a staircase to the Lair.
  5542 | D:8      | XOM: butterfly on damage
  5546 | D:8      | XOM: potion effect (agility)
  5550 | D:8      | XOM: divination: detect items
  5562 | D:8      | Reached skill level 9 in Armour
  5610 | D:8      | XOM: harmless Tloc miscast
  5730 | D:8      | XOM: harmless Divn miscast
  5781 | D:8      | XOM: confusion (+ monsters)
  5880 | D:8      | Noticed Grum
  5891 | D:8      | XOM: potion effect (might)
  5899 | D:8      | XOM: chaos upgrade
  5908 | D:8      | XOM: summons 2 hostile demons
  6011 | D:8      | XOM: mild Conj miscast
  6132 | D:8      | XOM: harmless Hex miscast
  6162 | D:8      | XOM: divination: detect creatures
  6163 | D:8      | XOM: mild Summ miscast
  6209 | D:8      | XOM: potion effect (curing)
  6215 | D:8      | XOM: potion effect (might)
  6448 | Lair:1   | Entered Level 1 of the Lair of Beasts
  6473 | Lair:1   | Noticed a six-headed hydra
  6475 | Lair:1   | Noticed a spiny frog
  6589 | D:9      | Identified the Collected Works on Darkness and the Blaze
  6831 | D:9      | Reached XP level 10. HP: 44/94 MP: 9/9
  7007 | D:9      | Gained mutation: Your flesh is cold resistant. (rC+) [potion of mutation]
  7007 | D:9      | Gained mutation: You expend magic power (3 MP) to strengthen your wands. [potion of mutation]
  7007 | D:9      | Gained mutation: You are frail. (-10% HP) [potion of mutation]
  7045 | D:9      | XOM: potion effect (might)
  7070 | D:9      | XOM: divination: magic mapping
  7142 | D:9      | XOM: mild Tloc miscast
  7180 | D:9      | XOM: mild Divn miscast
  7209 | D:9      | XOM: noise
  7223 | D:10     | Entered Level 10 of the Dungeon
  7356 | D:10     | XOM: snakes to sticks
  7362 | D:10     | Reached skill level 5 in Dodging
  7383 | D:10     | XOM: scenery: create altars
  7395 | D:10     | Slain by an orc warrior

Skill      XL: |  1  2  3  4  5  6  7  8  9 10 |
---------------+-------------------------------+-----
Unarmed Combat | 4 5 7 |  7.5
Armour         | 1 5 7 9 |  9.3
Fighting       | 4 |  4.7
Dodging        | 3 5 |  5.0

Action                   |  1- 3 |  4- 6 |  7- 9 | 10-12 || total
-------------------------+-------+-------+-------+-------++-------
Melee: Unarmed           |   115 |   111 |   397 |    54 ||   677
       Punch             |     2 |     3 |    14 |     3 ||    22
  Use: Scroll            |     4 |     6 |     5 |       ||    15
       Potion            |     5 |       |     9 |     1 ||    15
 Stab: Petrified         |       |     1 |       |       ||     1
       Confused          |       |       |     1 |       ||     1
       Invisible         |       |       |     1 |       ||     1
       Sleeping          |       |       |     1 |       ||     1
  Eat: Chunk             |    13 |    12 |    52 |     2 ||    79
Armor: Robe              |    43 |    34 |       |       ||    77
       Troll leather arm |       |    11 |   148 |    44 ||   203
Dodge: Dodged            |    90 |    79 |   240 |    58 ||   467
